 Dungeon Crawl Stone Soup version 0.23.2-40-g277498a001 (webtiles) character file.

Game seed: 6418920013179739399

366328 Exodus22XD the Evocator (level 21, 0/107 HPs)
             Began as a Spriggan Enchanter on Sept 1, 2019.
             Was the Champion of Dithmenos.
             Slain by a frost giant
             ... wielding a +1 battleaxe of freezing
              (6 damage)
             ... on level 5 of the Vaults on Sept 4, 2019.
             The game lasted 10:20:04 (57823 turns).

Exodus22XD the Evocator (Spriggan Enchanter)       Turns: 57823, Time: 10:20:07

Health: 0/107      AC:  9    Str:  5    XL:     21   Next: 60%
Magic:  37/37      EV: 33    Int: 17    God:    Dithmenos [******]
Gold:   1443       SH:  4    Dex: 25    Spells: 2/34 levels left

rFire    . . .     SeeInvis +   h - +9 rapier (vamp)
rCold    . . .     Gourm    .   (shield restricted)
rNeg     + + .     Faith    .   T - +2 robe {MR+}
rPois    .         Spirit   .   b - +2 hat
rElec    +         Reflect  +   C - +2 cloak {+Inv}
rCorr    .         Harm     .   (gloves unavailable)
MR       ++++.                  (boots unavailable)
Stlth    ++++++++++             j - amulet "Sarr" {Reflect rElec SH+4}
HPRegen  0.27/turn              Q - ring of positive energy
MPRegen  0.25/turn              k - ring of positive energy

@: confusing touch, wreathed by umbra, lightly drained, very quick
A: very small, unfitting armour, see invisible, herbivore, speed 3, slow
metabolism 2, subdued magic 1
}: 2/15 runes: barnacled, gossamer
a: Shadow Step, Shadow Form, Renounce Religion, Evoke Invisibility


You were on level 5 of the Vaults.
You worshipped Dithmenos.
Dithmenos was exalted by your worship.
You were not hungry.

You visited 9 branches of the dungeon, and saw 39 of its levels.
You visited 2 bazaars.
You also visited: Trove, Ice Cave, Volcano and Wizlab.

You collected 3581 gold pieces.
You spent 2138 gold pieces at shops.

Inventory:

Hand Weapons
 a - a +9 quick blade of draining
 h - a +9 vampiric rapier (weapon)
 x - a +1 rapier of speed
Armour
 b - a +2 hat (worn)
 C - a +2 cloak of invisibility (worn)
 T - a +2 robe of magic resistance (worn)
 U - a +2 cloak of cold resistance
 V - +0 shadow dragon scales
Jewellery
 j - the amulet "Sarr" (around neck) {Reflect rElec SH+4}
   (You took it off a deep elf high priest on level 3 of the Elven Halls)

   [amulet of reflection]

   It shields you and reflects attacks.
   It insulates you from electricity.
   It affects your SH (+4).
 k - a ring of positive energy (right hand)
 s - an uncursed ring of resist corrosion
 t - the ring of Secrets {rPois Str+3 Int+4 Dex+5}
   (You bought it in a shop on level 2 of the Elven Halls)

   [ring of dexterity]

   It affects your strength (+3).
   It affects your intelligence (+4).
   It affects your dexterity (+5).
   It protects you from poison.
 N - an uncursed ring of wizardry
 Q - a ring of positive energy (left hand)
 S - a ring of the Octopus King {AC+1 EV+1 Str+1 Int+1 Dex+1 Stlth+}
   (You found it on level 3 of the Elven Halls)

   [ring of stealth]

   It affects your AC (+1).
   It affects your evasion (+1).
   It affects your strength (+1).
   It affects your intelligence (+1).
   It affects your dexterity (+1).
   It makes you more stealthy.
Wands
 l - a wand of flame (71)
 r - a wand of scattershot (2)
 y - a wand of random effects (65)
 z - a wand of iceblast (19)
 A - a wand of acid (4)
 I - a wand of clouds (3)
 O - a wand of paralysis (9)
 P - a wand of enslavement (23)
 R - a wand of disintegration (48)
Scrolls
 i - 4 scrolls of enchant weapon
 m - 5 scrolls of magic mapping
 n - 6 scrolls of teleportation
 p - 3 scrolls of fog
 q - 3 scrolls of holy word
 u - 21 scrolls of remove curse
 B - 4 scrolls of identify
 E - a scroll of torment
 J - a scroll of summoning
 X - a scroll of fear
Potions
 c - 4 potions of brilliance
 e - 4 potions of might
 f - a potion of curing
 g - 6 potions of magic
 o - 2 potions of resistance
 v - a potion of cancellation
 w - 3 potions of flight
 D - 3 potions of ambrosia
 F - 5 potions of haste
 G - 7 potions of agility
 H - 5 potions of lignification
 K - 3 potions of mutation
 Y - 3 potions of heal wounds
Miscellaneous
 L - a lamp of fire
 M - a crystal ball of energy
 W - 2 boxes of beasts
 Z - a lightning rod (4/4)
Comestibles
 d - 30 rations


   Skills:
 + Level 10.0(9.8) Fighting
 + Level 16.9(16.7) Short Blades
 + Level 13.3(13.1) Dodging
 + Level 15.2(15.0) Stealth
 + Level 7.4(7.2) Spellcasting
 + Level 15.2(15.0) Hexes
 + Level 13.7(13.5) Charms
 + Level 20.6(20.4) Translocations
 + Level 16.7(16.5) Transmutations
 + Level 22.5(22.2) Evocations


You had 2 spell levels left.
You knew the following spells:

 Your Spells              Type           Power        Failure   Level  Hunger
a - Corona                Hex            #####..      0%          1    None
b - Ensorcelled Hibernat  Hex/Ice        ###...       1%          2    None
c - Confuse               Hex            #####...     1%          3    ##.....
d - Tukima's Dance        Hex            #####...     1%          3    ##.....
e - Dazzling Spray        Conj/Hex       ###...       1%          3    ##.....
f - Spectral Weapon       Hex/Chrm       #####...     1%          3    ##.....
g - Passwall              Tmut/Erth      ####....     1%          2    None
h - Apportation           Tloc           ######       0%          1    None
i - Disjunction           Tloc           ######....   14%         8    #######
j - Summon Mana Viper     Hex/Summ       ###.....     12%         5    #####..
k - Confusing Touch       Hex            #####.       0%          1    None

Your spell library contained the following spells:

 Spells                   Type           Power        Failure   Level  Hunger
 Animate Skeleton         Necr           N/A          10%         1    None
 Flame Tongue             Conj/Fire      #....        10%         1    None
 Sandblast                Erth           #.....       10%         1    None
 Summon Butterflies       Summ           #.......     10%         1    None
 Summon Small Mammal      Summ           #...         10%         1    None
 Corpse Rot               Necr           N/A          14%         2    None
 Poisonous Vapours        Pois/Air       #.....       14%         2    None
 Sublimation of Blood     Necr           #.........   14%         2    None
 Gell's Gravitas          Tloc           ######....   0%          3    ##.....
 Portal Projectile        Hex/Tloc       ######       0%          3    ##.....
 Recall                   Summ/Tloc      N/A          1%          3    ##.....
 Regeneration             Chrm/Necr      ###.......   1%          3    ##.....
 Force Lance              Conj/Tloc      ####....     1%          4    ####...
 Dispersal                Tloc           ######....   1%          6    #######
 Ignite Poison            Fire/Tmut/Pois ###.....     2%          3    ##.....
 Petrify                  Tmut/Erth      ####....     2%          4    ####...
 Leda's Liquefaction      Hex/Erth       ###.......   4%          4    ####...
 Controlled Blink         Tloc           N/A          14%         8    #######
 Excruciating Wounds      Chrm/Necr      ###.......   17%         5    #####..
 Iskenderun's Battlesphe  Conj/Chrm      ###.....     17%         5    #####..
 Call Canine Familiar     Summ           #.......     30%         3    ##.....
 Conjure Flame            Conj/Fire      #.......     30%         3    ##.....
 Mephitic Cloud           Conj/Pois/Air  #.......     30%         3    ##.....
 Stone Arrow              Conj/Erth      #.....       30%         3    ##.....
 Statue Form              Tmut/Erth      ####.....    47%         6    #######
 Animate Dead             Necr           N/A          71%         4    ####...
 Summon Ice Beast         Ice/Summ       #.......     71%         4    ####...
 Agony                    Necr           #.......     96%         5    #####..
 Bolt of Draining         Conj/Necr      #.........   96%         5    #####..
 Bolt of Magma            Conj/Fire/Erth #.........   96%         5    #####..
 Borgnjor's Vile Clutch   Necr/Erth      #.........   96%         5    #####..
 Dispel Undead            Necr           #.......     96%         5    #####..
 Fireball                 Conj/Fire      #.........   96%         5    #####..
 Lee's Rapid Deconstruct  Erth           #.........   96%         5    #####..
 Ring of Flames           Chrm/Fire      ###.......   99%         7    #######
 Bolt of Fire             Conj/Fire      #.........   100%        6    #######
 Death Channel            Necr           #.........   100%        6    #######
 Freezing Cloud           Conj/Ice/Air   #.........   100%        6    #######
 Simulacrum               Ice/Necr       #.........   100%        6    #######
 Summon Hydra             Summ           #.........   100%        7    #######
 Ignition                 Fire           #.........   100%        8    #######


Dungeon Overview and Level Annotations

Branches:
Dungeon (13/15)            Temple (1/1) D:5            Lair (6/6) D:8
 Shoals (4/4) Lair:3       Spider (4/4) Lair:4        Slime (0/5) Lair:6
    Orc (2/2) D:12            Elf (3/3) Orc:2        Vaults (5/5) D:13
  Crypt (1/3) Vaults:2

Altars:
Ashenzari
Cheibriados
Dithmenos
Elyvilon
Fedhas
Gozag
Hepliaklqana
Kikubaaqudgha
Makhleb
Nemelex Xobeh
Okawaru
Qazlal
Ru
Sif Muna
Trog
Uskayaw
Vehumet
Wu Jian
Xom
Yredelemnul
Zin
The Shining One
Beogh

Shops:
D:11 }   Orc:2 (((}   Elf:1 !   Elf:2 =   Elf:3 (%=!   Shoals:2 %:
Vaults:2 !*(}   Vaults:3 }

Annotations:
D:4 Robin
D:13 3 runed translucent doors
Lair:2 3 runed translucent doors, Buisi's ghost, journeyman DsGl; H0rd4k's ghost, journeyman HuAr


Innate Abilities, Weirdness & Mutations

You are very small and have problems with some larger weapons.
You are too small for most types of armour.
You have supernaturally acute eyesight. (SInv)
You are a herbivore.
You cover ground extremely quickly.
You need to consume almost no food.
Your spells are a little easier to cast, but a little less powerful.


Message History

Your hands begin to glow red.
You see here a shiny moonstone ring.
The frost giant shouts!
You hear a shout! x3
You completely miss the frost giant.
Your shadow hits the frost giant but does no damage.
The frost giant hits you with a +1 battleaxe of freezing!!
* * * LOW HITPOINT WARNING * * *
The frost giant freezes you.
* * * LOW HITPOINT WARNING * * *
You hit the frost giant but do no damage.
Your shadow completely misses the frost giant.
You hit the frost giant but do no damage.
Your shadow hits the frost giant with a rapier.
You hit the frost giant but do no damage.
The frost giant is lightly wounded.
Your shadow hits the frost giant but does no damage.
The frost giant hits you with a +1 battleaxe of freezing!
* * * LOW HITPOINT WARNING * * *
The frost giant freezes you.
You die...

.:###....#..## #..#
.####......#####..#
..§§.....?.....#..#
..§§)####......#..#
#)§§D###..#....#..#
##§§p##p..##...#=[#
##§§#....###(.#..#
####.D....####C#..#
......####(....#@.#
....#..###....#C..#
...##...##...##...#
..# #....#(.###...#
.# #.....(####...#
###########.......#
...p..............#
.....e.....[......#
..............p...#


You could see a frost giant.

Vanquished Creatures
  A bone dragon (Vaults:2)
  A lich (Vaults:5)
  A titan (Vaults:3)
  Jorgrun (Shoals:1)
  A deep elf master archer (Elf:3)
  3 deep elf blademasters
  A tentacled starspawn (WizLab)
  A shadow dragon (Vaults:5)
  4 tengu reavers
  Donald (Shoals:3)
  A fire giant (Vaults:3)
  3 frost giants
  Ilsuiw (Shoals:2)
  The ghost of CrazedAxUser the Executioner, a journeyman MiBe of Trog (Spider:1)
  9 deep elf sorcerers
  7 ghost moths
  2 orc warlords (Orc:2)
  8 vault wardens
  11 emperor scorpions
  6 stone giants
  An angel (WizLab)
  4 deep elf elementalists (Elf:3)
  A ghoul (Vaults:4)
  14 ironheart preservers
  4 entropy weavers
  4 very ugly things
  9 deep elf demonologists
  6 deep elf annihilators
  Snorg (Lair:4)
  3 merfolk javelineers
  6 deep elf death magi
  A white draconian (WizLab)
  4 fire dragons
  6 ogre magi
  9 merfolk impalers
  4 ettins
  Josephine (Lair:4)
  A rakshasa (WizLab)
  8 yaktaur captains
  An ice dragon (Vaults:3)
  A great orb of eyes (WizLab)
  Erolcha (D:12)
  4 deep elf high priests
  20 vault guards
  5 hydras
  An ice dragon (shapeshifter) (Vaults:5)
  A catoblepas (Lair:3)
  An alligator snapping turtle (Shoals:3)
  5 merfolk avatars
  3 merfolk aquamancers
  29 two-headed ogres
  6 centaur warriors
  A death yak (Lair:6)
  2 satyrs
  3 death knights
  3 deep troll shamans
  24 dancing weapons
  A titan zombie (Vaults:5)
  3 orc high priests
  7 deep troll earth magi
  2 thrashing horrors (WizLab)
  Sonja (D:12)
  A hell knight (Volcano)
  18 deep elf knights
  A sixfirhy (WizLab)
  3 shadow wraiths
  A skeletal warrior (Vaults:4)
  2 unseen horrors (Vaults:1)
  2 glowing orange brains (Vaults:1)
  An unseen horror (shapeshifter) (Vaults:3)
  9 sea snakes
  10 ironbrand convokers
  13 deep trolls
  11 harpies
  12 deep elf archers
  6 wizards
  A flayed ghost (Vaults:2)
  15 orc knights
  59 deep elf magi
  2 necromancers (Vaults:5)
  An anaconda skeleton (WizLab)
  16 orb spiders
  7 orc sorcerers
  8 oklob plants
  16 ugly things
  3 moths of wrath
  16 manticores
  4 fauns (Shoals:3)
  5 cyclopes
  A salamander (shapeshifter) (Vaults:4)
  27 wolf spiders
  A stone giant zombie (Vaults:5)
  8 elephants
  4 black mambas (Lair:6)
  A worldbinder (WizLab)
  2 guardian serpents (WizLab)
  11 merfolk sirens
  7 vault sentinels
  3 water nymphs
  2 torpor snails
  A demonspawn skeleton (WizLab)
  9 spiny frogs
  Psyche (D:9)
  2 human zombies (Vaults:5)
  2 spiny frogs (shapeshifter)
  16 yaktaurs
  11 freezing wraiths
  2 rime drakes
  An efreet (D:13)
  3 komodo dragons
  5 ice devils
  5 anaconda simulacra (IceCv)
  A golden dragon simulacrum (IceCv)
  17 demonic crawlers
  31 jumping spiders
  5 polar bears
  30 merfolk
  2 ancient zymes (WizLab)
  3 meliai (Spider:3)
  8 trolls
  2 hornets (shapeshifter)
  11 hornets
  5 blink frogs
  2 wind drakes
  Prince Ribbit (D:6)
  20 slime creatures
  A raiju (WizLab)
  5 dream sheep (Lair:5)
  13 hippogriffs
  A slime creature (shapeshifter) (Vaults:2)
  An ettin zombie (Vaults:5)
  A frost giant simulacrum (Vaults:3)
  6 snapping turtles
  A fire giant simulacrum (Vaults:3)
  An air elemental (Elf:3)
  16 water elementals
  59 redbacks
  2 spriggans (Lair:4)
  16 yaks
  26 tarantellas
  A dire elephant simulacrum (IceCv)
  11 wraiths
  10 humans (D:13)
  A vampire (D:9)
  2 fire bats (Volcano)
  3 wyverns
  2 basilisks (Lair:1)
  3 fire elementals (Elf:3)
  4 insubstantial wisps (WizLab)
  5 spatial vortices (WizLab)
  Menkaure (D:7)
  7 wargs
  3 iron troll simulacra (IceCv)
  2 acid dragons
  4 hydra simulacra (IceCv)
  2 hell hounds (WizLab)
  3 human skeletons (WizLab)
  7 porcupines
  13 water moccasins
  A swamp drake (D:12)
  5 black bears
  5 ice beasts
  55 orc warriors
  3 sky beasts
  An alligator simulacrum (IceCv)
  3 phantoms
  39 ogres
  An ice beast (shapeshifter) (Vaults:1)
  2 eyes of draining
  13 centaurs
  3 necrophages
  47 wolves
  10 crocodiles
  5 big kobolds
  Blork the orc (D:6)
  26 bullfrogs
  2 gnoll sergeants
  4 earth elementals
  3 scorpions
  5 killer bees (D:8)
  5 wights
  6 howler monkeys
  6 electric eels
  3 bullfrog zombies
  2 quasits (D:12)
  A wyvern simulacrum (D:9)
  3 crimson imps
  3 draconian simulacra (IceCv)
  3 centaur zombies
  A centaur skeleton (D:10)
  2 jellies (D:10)
  28 orc priests
  3 hounds
  16 orc wizards
  A bullfrog skeleton (D:12)
  An iron imp (WizLab)
  Crazy Yiuf (D:6)
  2 iguanas
  4 hell rats (Lair:1)
  6 worker ants
  A polar bear simulacrum (IceCv)
  A spriggan simulacrum (IceCv)
  2 troll simulacra (IceCv)
  A wolf simulacrum (IceCv)
  4 centaur simulacra (IceCv)
  A hound skeleton (D:9)
  2 mummies (D:11)
  2 worker ant zombies (D:11)
  16 gnolls
  A howler monkey skeleton (D:9)
  13 adders
  4 naga simulacra (IceCv)
  3 ogre simulacra (IceCv)
  5 river rats (Lair:1)
  2 shadow imps
  14 white imps
  2 ufetubi
  An ooze (D:4)
  An adder zombie (D:7)
  2 worms
  A dart slug (D:1)
  An adder simulacrum (D:9)
  3 leopard geckos
  118 orcs
  7 bats
  12 giant cockroaches
  13 goblins
  6 hobgoblins
  11 jackals
  7 quokkas
  13 frilled lizards
  34 kobolds
  14 rats
  4 plants
  2 starspawn tentacles (WizLab)
1670 creatures vanquished.

Vanquished Creatures (collateral kills)
  A fire giant (Vaults:3)
  A redback (Spider:4)
  A tarantella (Spider:4)
3 creatures vanquished.

Vanquished Creatures (others)
  A deep elf master archer (Elf:3)
  A stone giant (Vaults:5)
  An ogre mage (Vaults:2)
  A vault sentinel (Vaults:4)
  A yaktaur (Vaults:5)
  A fire bat (shapeshifter) (Vaults:5)
  An ogre (Vaults:1)
  A bullfrog (Lair:3)
  An electric eel (D:10)
  An orc wizard (Vaults:3)
  2 orcs (Vaults:3)
  45 fungi
  9 plants
  3 spectral weapons
  3 starspawn tentacles (WizLab)
  6 withered plants (Lair:2)
78 creatures vanquished.

Grand Total: 1751 creatures vanquished

Notes
Turn   | Place    | Note
-------+----------+-------------------------------------------
     0 | D:1      | Exodus22XD the Spriggan Enchanter began the quest for the
                  | Orb.
     0 | D:1      | Reached XP level 1. HP: 9/9 MP: 5/5
   234 | D:1      | Reached skill level 5 in Stealth
   517 | D:1      | Reached XP level 2. HP: 12/13 MP: 4/6
  1469 | D:1      | Reached XP level 3. HP: 16/16 MP: 8/8
  2275 | D:1      | Learned a level 2 spell: Ensorcelled Hibernation
  2724 | D:2      | Reached XP level 4. HP: 15/21 MP: 2/9
  3567 | D:2      | Found a burning altar of Makhleb.
  3574 | D:2      | Reached XP level 5. HP: 24/24 MP: 10/10
  4299 | D:3      | Found a shattered altar of Ashenzari.
  4303 | D:3      | Saw a vision of the Shoals and the Spider Nest.
  4303 | D:3      | Noticed a merfolk
  4303 | D:3      | Noticed a wolf spider
  4303 | D:3      | Noticed a sea snake
  4303 | D:3      | Noticed a hippogriff
  4303 | D:3      | Noticed a merfolk
  4303 | D:3      | Noticed a wolf spider
  4303 | D:3      | Noticed a wolf spider
  4303 | D:3      | Noticed a sea snake
  4303 | D:3      | Noticed a wolf spider
  4303 | D:3      | Noticed a redback
  4303 | D:3      | Noticed a merfolk
  4303 | D:3      | Noticed a merfolk
  4304 | D:3      | Noticed a sea snake
  4304 | D:3      | Noticed a redback
  4304 | D:3      | Noticed a merfolk siren
  4304 | D:3      | Noticed a merfolk
  4305 | D:3      | Noticed a hippogriff
  4306 | D:3      | Noticed a centaur
  4778 | D:4      | Reached skill level 10 in Stealth
  4791 | D:4      | Noticed Robin
  5117 | D:4      | Reached XP level 6. HP: 28/28 MP: 11/11
  5983 | D:5      | Entered Level 5 of the Dungeon
  6658 | D:5      | Found a deep blue altar of Sif Muna.
  6664 | D:5      | Found a sacrificial altar of Ru.
  6672 | D:5      | Found an iron altar of Okawaru.
  6918 | D:5      | Reached XP level 7. HP: 30/32 MP: 12/12
  6981 | D:5      | Found a staircase to the Ecumenical Temple.
  6988 | D:5      | Reached skill level 5 in Short Blades
  6995 | Temple   | Entered the Ecumenical Temple
  7189 | Temple   | Became a worshipper of Dithmenos the Shadowed
  7536 | D:6      | Noticed Blork the orc
  7542 | D:6      | Killed Blork the orc
  7657 | D:6      | Noticed Prince Ribbit
  7724 | D:6      | Killed Prince Ribbit
  7724 | D:6      | Reached skill level 5 in Hexes
  7729 | D:6      | Learned a level 3 spell: Confuse
  7733 | D:6      | Learned a level 3 spell: Tukima's Dance
  7889 | D:6      | Reached XP level 8. HP: 36/36 MP: 6/13
  7908 | D:6      | Found a snail-covered altar of Cheibriados.
  8062 | D:6      | Found a runed translucent door.
  8063 | D:6      | Noticed Crazy Yiuf
  8070 | D:6      | Killed Crazy Yiuf
  8135 | D:7      | Reached skill level 1 in Evocations
  8161 | D:7      | Reached skill level 2 in Evocations
  8165 | D:7      | Reached skill level 3 in Evocations
  8265 | D:7      | Found a burning altar of Makhleb.
  8265 | D:7      | Found a bloodstained altar of Trog.
  8266 | D:7      | Found a radiant altar of Vehumet.
  8297 | D:7      | Reached skill level 4 in Evocations
  8510 | D:7      | Reached skill level 5 in Evocations
  8629 | D:7      | Reached skill level 6 in Evocations
  8707 | D:7      | Reached * piety under Dithmenos
  9059 | D:7      | Identified the cursed +1 short sword of Uskayaw's Favour
                  | {pierce, SInv}
  9100 | D:7      | Noticed Menkaure
  9106 | D:7      | Killed Menkaure
  9106 | D:7      | Reached XP level 9. HP: 39/39 MP: 14/14
  9511 | D:8      | Reached skill level 7 in Evocations
  9917 | D:8      | Reached skill level 8 in Evocations
  9980 | D:8      | Reached skill level 9 in Evocations
 10204 | D:8      | Found a staircase to the Lair.
 10220 | D:8      | Reached skill level 10 in Evocations
 10599 | Lair:1   | Entered Level 1 of the Lair of Beasts
 10602 | Lair:1   | Reached ** piety under Dithmenos
 10645 | Lair:1   | Noticed a polar bear
 10764 | Lair:1   | Reached XP level 10. HP: 41/44 MP: 18/18
 10777 | Lair:1   | Noticed a six-headed hydra
 12020 | Lair:1   | Noticed a spiny frog
 12050 | Lair:1   | Killed a spiny frog
 12229 | Lair:2   | Noticed a catoblepas
 12355 | Lair:2   | Reached skill level 10 in Short Blades
 12386 | Lair:2   | Found a dark tunnel.
 12393 | Lair:2   | Found a runed translucent gate.
 12396 | Volcano  | Entered a volcano
 12747 | Volcano  | Noticed a two-headed ogre
 12747 | Volcano  | Noticed an obsidian statue
 12752 | Volcano  | Found a bloodstained altar of Trog.
 12752 | Volcano  | Noticed a two-headed ogre
 12752 | Volcano  | Noticed an ogre mage
 12752 | Volcano  | Noticed a hell knight
 12753 | Volcano  | Killed a two-headed ogre
 12756 | Volcano  | Killed a two-headed ogre
 12761 | Volcano  | Killed a hell knight
 12761 | Volcano  | Reached skill level 11 in Evocations
 12761 | Volcano  | Reached XP level 11. HP: 30/47 MP: 18/20
 12810 | Lair:2   | Found a runed translucent gate.
 12811 | Lair:2   | Found a runed translucent gate.
 12812 | Lair:2   | Noticed H0rd4k's ghost (journeyman HuAr)
 12812 | Lair:2   | Noticed Buisi's ghost (journeyman DsGl)
 13214 | Lair:3   | Noticed a catoblepas
 13239 | Lair:3   | Killed a catoblepas
 13671 | Lair:3   | Reached *** piety under Dithmenos
 13953 | Lair:3   | Found a staircase to the Shoals.
 14106 | Lair:3   | Reached skill level 10 in Hexes
 14663 | Lair:3   | Learned a level 3 spell: Dazzling Spray
 14705 | Lair:3   | Reached skill level 12 in Evocations
 14860 | Lair:3   | Noticed an oklob plant
 14861 | Lair:3   | Noticed an oklob plant
 14862 | Lair:3   | Noticed an oklob plant
 14866 | Lair:3   | Noticed an oklob plant
 14895 | Lair:3   | Killed an oklob plant
 14913 | Lair:3   | Killed an oklob plant
 14919 | Lair:3   | Killed an oklob plant
 14919 | Lair:3   | Reached skill level 13 in Evocations
 14924 | Lair:3   | Killed an oklob plant
 15898 | Lair:4   | Reached XP level 12. HP: 42/51 MP: 16/22
 16188 | Lair:4   | Noticed Josephine
 16195 | Lair:4   | Killed Josephine
 16232 | Lair:4   | Found a hole to the Spider Nest.
 16252 | Lair:4   | Noticed a four-headed hydra
 16519 | Lair:4   | Noticed Snorg
 16745 | Lair:4   | Killed Snorg
 17102 | Lair:5   | Reached **** piety under Dithmenos
 17468 | Lair:5   | Got a crude spear
 17469 | Lair:5   | Identified the +10 spear of Stickiness {pierce, rF+ Str-4
                  | Dex+2 SInv} (You found it on level 5 of the Lair of Beasts)
 17630 | Lair:5   | HP: 2/51 [dream sheep (29)]
 18538 | Lair:6   | Entered Level 6 of the Lair of Beasts
 18835 | Lair:6   | Reached skill level 5 in Spellcasting
 18879 | Lair:6   | Noticed a death yak
 18920 | Lair:6   | Noticed a death yak
 18920 | Lair:6   | Noticed a death yak
 18938 | Lair:6   | Found a staircase to the Slime Pits.
 18987 | Lair:6   | Noticed a six-headed hydra
 19103 | Lair:6   | Reached XP level 13. HP: 35/55 MP: 11/24
 19737 | Lair:6   | Reached skill level 5 in Dodging
 19865 | Lair:6   | Reached ***** piety under Dithmenos
 20574 | Lair:6   | Reached skill level 10 in Dodging
 21169 | Lair:6   | Reached skill level 1 in Fighting
 21425 | Spider:1 | Entered Level 1 of the Spider Nest
 21425 | Spider:1 | Noticed an entropy weaver
 21432 | Spider:1 | Killed an entropy weaver
 21930 | Spider:1 | Noticed a ghost moth
 21946 | Spider:1 | Reached skill level 5 in Fighting
 21952 | Spider:1 | Killed a ghost moth
 22034 | Spider:1 | Noticed a ghost moth
 22040 | Spider:1 | Found a runed translucent door.
 22040 | Spider:1 | Noticed CrazedAxUser's ghost (journeyman MiBe)
 22042 | Spider:1 | Killed a ghost moth
 22042 | Spider:1 | Reached skill level 14 in Evocations
 22042 | Spider:1 | Reached XP level 14. HP: 67/68 MP: 25/25
 22350 | Spider:1 | Killed CrazedAxUser's ghost
 22749 | Spider:2 | Noticed an entropy weaver
 22749 | Spider:2 | Killed an entropy weaver
 22749 | Spider:2 | Reached skill level 15 in Evocations
 22752 | Spider:2 | Noticed an emperor scorpion
 22765 | Spider:2 | Killed an emperor scorpion
 22768 | Spider:2 | Reached skill level 15 in Short Blades
 23035 | Spider:2 | Noticed an emperor scorpion
 23090 | Spider:2 | Killed an emperor scorpion
 23549 | Spider:2 | Noticed an emperor scorpion
 23554 | Spider:2 | Reached ****** piety under Dithmenos
 23689 | Spider:2 | Noticed a ghost moth
 23786 | Spider:2 | Noticed an emperor scorpion
 23792 | Spider:2 | Noticed a ghost moth
 23794 | Spider:2 | Killed an emperor scorpion
 23799 | Spider:2 | Noticed an emperor scorpion
 23800 | Spider:2 | Killed a ghost moth
 23805 | Spider:2 | Killed an emperor scorpion
 23846 | Spider:2 | Killed an emperor scorpion
 23962 | Spider:3 | Reached skill level 15 in Stealth
 24210 | Spider:3 | Reached XP level 15. HP: 72/72 MP: 27/27
 24493 | Spider:3 | Noticed a ghost moth
 24516 | Spider:3 | Killed a ghost moth
 25145 | Spider:4 | Entered Level 4 of the Spider Nest
 25687 | Spider:4 | Reached skill level 15 in Hexes
 25909 | Spider:4 | Noticed a ghost moth
 25911 | Spider:4 | Noticed a ghost moth
 25913 | Spider:4 | Noticed a ghost moth
 25922 | Spider:4 | Noticed a ghost moth
 26289 | Spider:4 | Killed a ghost moth
 26669 | Spider:4 | Killed a ghost moth
 26706 | Spider:4 | Killed a ghost moth
 27082 | Spider:4 | Got a gossamer rune of Zot
 27372 | Shoals:1 | Entered Level 1 of the Shoals
 27573 | Shoals:1 | Noticed Jorgrun
 27599 | Shoals:1 | Killed Jorgrun
 27599 | Shoals:1 | Reached XP level 16. HP: 77/84 MP: 21/28
 27874 | Shoals:2 | Found a flickering gateway to a bazaar.
 27897 | Bazaar   | Entered a bazaar
 27897 | Bazaar   | Found Ytac's Weapon Shop.
 27897 | Bazaar   | Found Tioliadd's Jewellery Boutique.
 27897 | Bazaar   | Found Vuvae's Weapon Boutique.
 27897 | Bazaar   | Found Lixt's Antique Weapon Boutique.
 27897 | Bazaar   | Found Kasaria's Gadget Shop.
 27993 | Shoals:2 | Found a frozen archway.
 28025 | Shoals:2 | Found Oczoin's Food Shoppe.
 28029 | IceCv    | Entered an ice cave
 28178 | IceCv    | Noticed an Ice Fiend
 28570 | IceCv    | Reached skill level 10 in Fighting
 29496 | IceCv    | Got an ancient mace
 29503 | IceCv    | Identified the +5 mace "Undertaker" {chaos, +Blink rN++
                  | SInv Stlth-} (You found it in an ice cave)
 29731 | Shoals:2 | Found Foguwniw's Book Emporium.
 29733 | Shoals:2 | Noticed Ilsuiw
 29748 | Shoals:2 | Killed Ilsuiw
 29766 | Shoals:2 | Reached skill level 16 in Evocations
 29846 | Shoals:2 | You fall through a shaft!
 30727 | Shoals:3 | Reached skill level 17 in Evocations
 31430 | Shoals:3 | Noticed Donald
 31434 | Shoals:3 | Killed Donald
 31434 | Shoals:3 | Reached skill level 18 in Evocations
 31770 | Shoals:4 | Entered Level 4 of the Shoals
 32388 | Shoals:4 | Reached skill level 19 in Evocations
 32528 | Shoals:4 | Reached XP level 17. HP: 48/89 MP: 15/31
 32537 | Shoals:4 | Got a barnacled rune of Zot
 33156 | Shoals:4 | Reached skill level 20 in Evocations
 34169 | D:9      | Noticed Psyche
 34176 | D:9      | Killed Psyche
 34264 | D:9      | Identified a scroll of acquirement
 34291 | D:10     | Entered Level 10 of the Dungeon
 34591 | D:10     | Found a shimmering altar of Xom.
 34706 | D:10     | Identified the Handbook of Good Luck and Clay
 34712 | D:10     | Learned a level 3 spell: Spectral Weapon
 34979 | D:10     | Reached skill level 1 in Charms
 35655 | D:11     | Found Kifrekin's Gadget Boutique.
 36402 | D:12     | Reached skill level 5 in Charms
 36417 | D:12     | Identified the +2 hand crossbow of Lizir {venom, rC++ MR+
                  | Int-5 Dex+4}
 36562 | D:12     | Noticed Erolcha
 36563 | D:12     | Noticed Sonja
 36781 | D:12     | Killed Sonja
 36789 | D:12     | Killed Erolcha
 36918 | D:12     | Found a staircase to the Orcish Mines.
 37076 | Orc:1    | Entered Level 1 of the Orcish Mines
 37419 | Orc:2    | Entered Level 2 of the Orcish Mines
 38052 | Orc:2    | Found a staircase to the Elven Halls.
 38153 | Orc:2    | Found Reot's Gadget Boutique.
 38302 | Orc:2    | Found a roughly hewn altar of Beogh.
 38537 | Orc:2    | Found Zorphalia's Weapon Emporium.
 38550 | Orc:2    | Found Luludd's Weapon Shoppe.
 38572 | Orc:2    | Reached skill level 10 in Charms
 38710 | Orc:2    | Found Lepnorai's Antique Weapon Shop.
 38806 | Orc:2    | Found a roughly hewn altar of Beogh.
 39189 | Elf:1    | Entered Level 1 of the Elven Halls
 39748 | Elf:1    | Identified Giry's Papyrus of Creative Conjuration
 39772 | Elf:1    | Learned a level 2 spell: Passwall
 39838 | Elf:1    | Reached skill level 1 in Transmutations
 39909 | Elf:1    | Found Rownar's Distillery.
 39920 | Elf:1    | Bought a potion of heal wounds for 70 gold pieces
 39920 | Elf:1    | Bought a potion of haste for 140 gold pieces
 39920 | Elf:1    | Bought a potion of cancellation for 112 gold pieces
 39920 | Elf:1    | Bought a potion of heal wounds for 70 gold pieces
 40074 | Elf:2    | Found Neklan's Jewellery Boutique.
 40384 | Elf:2    | Found a runed translucent gate.
 40384 | Elf:2    | Found a runed translucent gate.
 40420 | Elf:2    | Reached skill level 5 in Transmutations
 40516 | Elf:2    | Found a runed translucent gate.
 40574 | Elf:2    | Reached XP level 18. HP: 74/93 MP: 33/33
 41089 | Elf:2    | Reached skill level 10 in Transmutations
 41390 | Elf:3    | Entered Level 3 of the Elven Halls
 41780 | Elf:3    | Found Puddemuk's Food Boutique.
 41784 | Elf:3    | Found Xosodd's Distillery.
 41784 | Elf:3    | Found Vafees's Weapon Boutique.
 41787 | Elf:3    | Found Xoof's Jewellery Shop.
 42302 | Elf:3    | Found the ring of the Octopus King
 42312 | Elf:3    | Got a ring of the Octopus King
 42314 | Elf:3    | Identified a ring of the Octopus King {AC+1 EV+1 Str+1
                  | Int+1 Dex+1 Stlth+} (You found it on level 3 of the Elven
                  | Halls)
 42450 | Elf:3    | Identified the amulet "Sarr" {Reflect rElec SH+4}
 42955 | Elf:3    | Noticed a Tzitzimitl
 44117 | Elf:3    | Identified the cursed +1 ring mail of the Tired Lovers
                  | {*Corrode +Blink rF+ Int+4}
 44120 | Elf:3    | Identified the ring "Puruar" {*Drain rElec rN++ AC+1 SInv}
 44210 | Elf:3    | Identified the +0 plate armour "Moluihuk" {rPois Int+5}
 44210 | Elf:3    | Identified the +4 mace of Devotion {crush, Dex+5}
 44631 | Elf:3    | Reached skill level 15 in Transmutations
 44684 | Elf:3    | Reached XP level 19. HP: 43/98 MP: 34/34
 44706 | Elf:3    | Identified the Almanac of Helpful Moulding
 45044 | Elf:3    | Identified the Compendium of Dusty Attacks
 45212 | Elf:2    | Bought the ring of Secrets {rPois Str+3 Int+4 Dex+5} for
                  | 1140 gold pieces
 45220 | Elf:2    | Learned a level 1 spell: Apportation
 45382 | D:13     | Reached skill level 1 in Translocations
 45388 | D:13     | Found a gate to the Vaults.
 45709 | D:13     | Reached skill level 5 in Translocations
 45757 | D:13     | Found a runed translucent gate.
 45757 | D:13     | Found a runed translucent gate.
 45757 | D:13     | Found a runed translucent gate.
 46682 | Vaults:1 | Entered Level 1 of the Vaults
 47105 | Vaults:1 | Reached skill level 10 in Translocations
 47384 | Vaults:1 | Found a portal to a secret trove of treasure.
 47671 | Elf:1    | Bought a potion of curing for 42 gold pieces
 47671 | Elf:1    | Bought a potion of curing for 42 gold pieces
 47671 | Elf:1    | Bought a potion of curing for 42 gold pieces
 47977 | Vaults:1 | You paid a toll of 18 potions of curing to enter a treasure
                  | trove
 47978 | Trove    | Entered a treasure trove
 48501 | Vaults:1 | Reached skill level 21 in Evocations
 49001 | Vaults:2 | Noticed a bone dragon
 49002 | Vaults:2 | Found a staircase to the Crypt.
 49006 | Vaults:2 | Killed a bone dragon
 49019 | Crypt:1  | Entered Level 1 of the Crypt
 49066 | Vaults:2 | Found Qarrixta's Distillery.
 49111 | Vaults:2 | Found a magical portal.
 49124 | WizLab   | Entered The Roulette of Golubria
 49124 | WizLab   | Found a transporter.
 49131 | WizLab   | Found a corrupted altar of Lugonu.
 49132 | WizLab   | Found the +1 cloak of Starlight {rElec rC+ EV+4 Stlth--}
 49140 | WizLab   | Found a corrupted altar of Lugonu.
 49161 | WizLab   | Found a corrupted altar of Lugonu.
 49203 | WizLab   | Found a transporter.
 49214 | WizLab   | Found a transporter.
 49235 | WizLab   | Found a transporter.
 49254 | WizLab   | Found a transporter.
 49272 | WizLab   | Found a transporter.
 49320 | WizLab   | Found a transporter.
 49320 | WizLab   | Found a transporter.
 49461 | WizLab   | Found a transporter.
 49491 | WizLab   | Found a transporter.
 49522 | WizLab   | Found a transporter.
 49756 | WizLab   | Found a transporter.
 49781 | WizLab   | Found a transporter.
 49985 | WizLab   | Found a transporter.
 50118 | WizLab   | Found a transporter.
 50118 | WizLab   | Found a transporter.
 50285 | WizLab   | Found a transporter.
 50285 | WizLab   | Found a transporter.
 50361 | WizLab   | Found a transporter.
 50420 | Vaults:2 | Reached skill level 22 in Evocations
 50467 | Vaults:2 | Reached XP level 20. HP: 102/102 MP: 28/36
 50537 | Vaults:2 | Found Lousail's Antique Weapon Boutique.
 50747 | Vaults:2 | Found Megonkuass's Gadget Shoppe.
 51600 | Vaults:2 | Found Iwimny's Assorted Antiques.
 51737 | Vaults:2 | Found a sacrificial altar of Ru.
 52143 | Vaults:3 | Reached skill level 15 in Translocations
 52805 | Vaults:3 | Found Iwkycw Besch's Gadget Shoppe.
 53802 | Vaults:4 | Found a flickering gateway to a bazaar.
 53808 | Bazaar   | Entered a bazaar
 53820 | Bazaar   | Found Xeisocupi's Assorted Antiques.
 53828 | Bazaar   | Found Plog's Magic Scroll Shoppe.
 53832 | Bazaar   | Found Xuliv's Antique Weapon Shop.
 53836 | Bazaar   | Found Vurphujy's Weapon Shop.
 53859 | Bazaar   | Bought a scroll of blinking for 142 gold pieces
 53859 | Bazaar   | Bought a scroll of holy word for 142 gold pieces
 53859 | Bazaar   | Bought a scroll of holy word for 142 gold pieces
 53869 | Bazaar   | Bought a wand of random effects (17) for 27 gold pieces
 53869 | Bazaar   | Bought a wand of flame (12) for 27 gold pieces
 53907 | Vaults:4 | Reached XP level 21. HP: 107/107 MP: 37/37
 54571 | Vaults:4 | Learned a level 8 spell: Disjunction
 55457 | Vaults:5 | Entered Level 5 of the Vaults
 55457 | Vaults:5 | Noticed an ancient lich
 55462 | Vaults:5 | HP: 2/107 [vault guard/+2 war axe (15)]
 55832 | Vaults:5 | Gained mutation: Your spells are a little easier to cast,
                  | but a little less powerful. [a shining eye]
 55856 | Vaults:5 | Noticed a golden dragon
 56463 | Vaults:5 | Learned a level 5 spell: Summon Mana Viper
 56473 | Vaults:5 | Noticed a golden dragon
 57038 | Vaults:5 | Learned a level 1 spell: Confusing Touch
 57072 | Vaults:5 | Noticed an ancient lich
 57222 | Vaults:5 | Noticed a golden dragon
 57823 | Vaults:5 | Slain by a frost giant

Skill      XL: |  1  2  3  4  5  6  7  8  9 10 11 12 13 14 15 16 17 18 19 20 21 |
---------------+----------------------------------------------------------------+-----
Stealth        | 5 6 7 9 10 12 14 15 | 15.2
Short Blades   | 4 6 11 14 15 16 | 16.9
Hexes          | 5 6 10 13 15 | 15.2
Evocations     | 6 10 11 13 14 15 19 20 22 | 22.5
Spellcasting   | 7 |  7.4
Dodging        | 11 13 | 13.3
Fighting       | 5 9 10 | 10.0
Charms         | 13 | 13.7
Transmutations | 6 16 | 16.7
Translocations | 10 19 20 | 20.6

Action                   |  1- 3 |  4- 6 |  7- 9 | 10-12 | 13-15 | 16-18 | 19-21 || total
-------------------------+-------+-------+-------+-------+-------+-------+-------++-------
Melee: Dagger            |   135 |   298 |   221 |   349 |     7 |       |       ||  1010
       Rapier            |       |       |       |   209 |   769 |   587 |   208 ||  1773
       Quick blade       |       |       |       |       |       |   963 |  1061 ||  2024
 Cast: Corona            |    33 |    52 |    17 |       |       |     5 |       ||   107
       Ensorcelled Hiber |     6 |    31 |    37 |     5 |     2 |     1 |       ||    82
       Confuse           |       |       |    25 |   110 |   161 |   127 |   128 ||   551
       Dazzling Spray    |       |       |       |     7 |    26 |    82 |    56 ||   171
       Tukima's Dance    |       |       |       |       |       |     7 |     7 ||    14
       Spectral Weapon   |       |       |       |       |       |     5 |     3 ||     8
       Confusing Touch   |       |       |       |       |       |       |    22 ||    22
       Summon Mana Viper |       |       |       |       |       |       |     4 ||     4
       Disjunction       |       |       |       |       |       |       |     2 ||     2
 Abil: Evoke Invisibilit |       |       |       |     6 |    19 |    31 |    28 ||    84
Evoke: Wand              |       |       |       |     9 |     8 |    74 |    19 ||   110
       Lamp of fire      |       |       |       |       |     1 |     1 |       ||     2
       Lightning rod     |       |       |       |       |       |       |     1 ||     1
  Use: Scroll            |       |       |     8 |     8 |     5 |    23 |    26 ||    70
       Potion            |       |       |       |     8 |     4 |    13 |    10 ||    35
 Stab: Sleeping          |    18 |    33 |    29 |    29 |    84 |   218 |   150 ||   561
       Distracted        |       |     2 |     5 |     9 |     1 |    13 |    11 ||    41
       Confused          |       |       |    16 |    53 |   119 |    87 |   116 ||   391
       Invisible         |       |       |       |    29 |   111 |   182 |   139 ||   461
       Petrified         |       |       |       |     2 |       |       |       ||     2
       Held in net/web   |       |       |       |       |       |       |     1 ||     1
  Eat: Ration            |       |     3 |     5 |    12 |    11 |    19 |    16 ||    66
Armor: Robe              |    17 |    32 |    13 |    42 |    24 |    43 |    27 ||   198
Dodge: Dodged            |   110 |   238 |   147 |   341 |   608 |   800 |   552 ||  2796
Block: Other             |       |       |       |       |       |     5 |    74 ||    79
       Reflection        |       |       |       |       |       |     1 |     5 ||     6
